 Dungeon Crawl Stone Soup version 0.28-a0-925-gd5e1996cdb (webtiles) character file.

Game seed: 13372367893260793879

60 Anon1729 the Skirmisher (level 3, 0/33 HPs)
             Began as a Minotaur Monk on Nov 26, 2021.
             Was a Priest of Fedhas.
             Slain by Sigmund (14 damage)
             ... on level 2 of the Dungeon.
             The game lasted 00:01:32 (1412 turns).

Anon1729 the Skirmisher (Minotaur Monk)             Turns: 1412, Time: 00:01:32

Health: 0/33       AC:  2    Str: 16    XL:     3   Next: 80%
Magic:  2/2        EV: 13    Int:  7    God:    Fedhas [***...]
Gold:   50         SH:  0    Dex: 12    Spells: 2/2 levels left

rFire   . . .      SeeInvis .   c - +2 hand axe (vorpal)
rCold   . . .      Faith    .   (no shield)
rNeg    . . .      Spirit   .   b - +0 robe
rPois   .          Reflect  .   (helmet restricted)
rElec   .          Harm     .   (no cloak)
rCorr   .          Rampage  .   (no gloves)
Will    .....                   (no boots)
Stlth   ++........              (no amulet)
HPRegen 0.11/turn               (no ring)
MPRegen 0.08/turn               (no ring)

@: lethally poisoned (0 -> -2)
A: horns 2, retaliatory headbutt
a: Renounce Religion, Wall of Briars, Grow Ballistomycete


You were on level 2 of the Dungeon.
You worshipped Fedhas.
Fedhas was most pleased with you.
You visited 1 branch of the dungeon, and saw 2 of its levels.

You collected 50 gold pieces.

Inventory:

Hand Weapons
 a - a +0 mace
 c - a +2 vorpal hand axe (weapon)
Armour
 b - a +0 robe (worn)
Jewellery
 e - a +4 ring of slaying
Scrolls
 d - a scroll of teleportation {unknown}
 f - a scroll of fog {unknown}
 g - a scroll of torment {unknown}
 h - a scroll of brand weapon {unknown}
 i - 2 scrolls of noise {unknown}
Potions
 j - a potion of magic {unknown}
 k - a potion of curing {unknown}
 l - a potion of cancellation {unknown}


   Skills:
 + Level 4.1 Fighting
 * Level 2.4(3.4) Axes
 - Level 3.6(4.0) Maces & Flails
 + Level 1.4 Armour
 + Level 3.7 Dodging
 - Level 1.5 Stealth
 * Level 0.8 Invocations


You had 2 spell levels left.
You didn't know any spells.
Your spell library was empty.

Dungeon Overview and Level Annotations

Branches:
Dungeon (2/15)

Altars:
Fedhas

Shops:
D:2 *(

Annotations:
D:2 Sigmund


Innate Abilities, Weirdness & Mutations

You have a pair of horns on your head.
You reflexively headbutt those who attack you in melee.


Message History

The hobgoblin is almost dead.
You hit the adder.
You feel sick.
Sigmund gestures wildly while chanting.
Sigmund flickers and vanishes!
Deactivating autopickup; reactivate with Ctrl-A.
The hobgoblin closely misses you. The adder closely misses you.
The hobgoblin hits you.
You closely miss the hobgoblin.
The hobgoblin is severely wounded.
You hit the adder.
You feel sick. The adder barely misses you. The adder completely misses you.
You furiously retaliate!
You headbutt the adder.
You kill the adder!
Fedhas appreciates your contribution to the ecosystem.
The hobgoblin misses you.
You are too injured to fight recklessly!
You are too injured to fight recklessly!
You are too injured to fight recklessly!
You are too injured to fight recklessly!
You are too injured to fight recklessly!
You are too injured to fight recklessly!
You are too injured to fight recklessly!
You are too injured to fight recklessly!
You are too injured to fight recklessly!
You are too injured to fight recklessly!
You are too injured to fight recklessly!
You are too injured to fight recklessly!
You are too injured to fight recklessly!
You are too injured to fight recklessly!
You are too injured to fight recklessly!
You are too injured to fight recklessly!
You are too injured to fight recklessly!
A hobgoblin is nearby!
You slash the hobgoblin!
You kill the hobgoblin!
Fedhas appreciates your contribution to the ecosystem.
You feel sick.
You feel sick. Something hits you!
You die...
Fedhas appreciates your contribution to the ecosystem.

#.. #..# .#
####...### #.#
#....[...# ...##
#........##.?..
#............
#........#.##
#.......@...#
#.........##.##
#...(....$...$∩.
#.
######$#...#####
#. #.........#
.## #.†.......#
..# #.........#
#.# #.........#
#.# #####..####
#.#


There were no monsters in sight!

Vanquished Creatures
  2 adders (D:2)
  A bat (D:1)
  4 endoplasms (D:1)
  2 giant cockroaches (D:1)
  4 hobgoblins
  9 jackals (D:1)
  5 kobolds (D:1)
  2 quokkas (D:1)
  3 ball pythons
  A frilled lizard (D:2)
  2 goblins (D:1)
  A rat (D:1)
36 creatures vanquished.

Notes
Turn   | Place    | Note
-------+----------+-------------------------------------------
     0 | D:1      | Anon1729 the Minotaur Monk began the quest for the Orb.
     0 | D:1      | Reached XP level 1. HP: 19/19 MP: 0/0
   122 | D:1      | Reached skill level 1 in Axes
   123 | D:1      | Reached XP level 2. HP: 19/27 MP: 1/1
   430 | D:1      | Reached skill level 1 in Armour
   434 | D:1      | Found a faded altar of an unknown god.
   479 | D:1      | Prayed at the altar of an unknown god.
   479 | D:1      | Became a worshipper of Fedhas Madash
   479 | D:1      | Reached * piety under Fedhas
   479 | D:1      | Reached ** piety under Fedhas
   706 | D:1      | Reached *** piety under Fedhas
   830 | D:1      | Reached skill level 4 in Fighting
   830 | D:1      | Reached XP level 3. HP: 32/33 MP: 2/2
  1250 | D:2      | Found Saucask's Weapon Boutique.
  1405 | D:2      | Found Tepsosu's General Store.
  1406 | D:2      | Noticed Sigmund
  1412 | D:2      | Slain by Sigmund

Illustrated notes

Levels and vault maps discovered:
D:1:      minmay_arrival_solitary_statue, layout_loops_corners,
          ebering_ecumenical_altar_rust
D:2:      layout_rooms, serial_shops, shop, nicolae_shop_bloodbath_and_beyond,
          shop, nicolae_shop_trees, shop, uniq_sigmund

Skill      XL: |  1  2 |
---------------+-------+-----
Axes           | 1 2 |  2.4
Armour         | 1 |  1.4
Fighting       | 4 |  4.1
Maces & Flails | |  3.6
Dodging        | |  3.7
Stealth        | |  1.5
Invocations    | |  0.8

Action                   || total
-------------------------++-------
Melee: Hand axe          ||    53
       Headbutt          ||     7
 Stab: Sleeping          ||     4
Armor: Robe              ||     2
Dodge: Dodged            ||    50

Table legend: (Time is in decaauts)
 A = Elapsed time spent in this place.
 B = Non-inter-level travel time spent in this place.
 C = Inter-level travel time spent in this place.
 D = Time resting spent in this place.
 E = Time spent auto-exploring this place.
 F = Levels seen in this place.
 G = Mean time per level.
                   A        B        C        D        E       F      G
               +--------+--------+--------+--------+--------+-----+--------+
         Total |   1419 |   1402 |     17 |    166 |   1030 |   2 |  709.5 |
       Dungeon |   1419 |   1402 |     17 |    166 |   1030 |   2 |  709.5 |
               +--------+--------+--------+--------+--------+-----+--------+

Top non-repeatable levels by time:
     D:1: 1252 daAuts
     D:2: 167 daAuts
